 Dungeon Crawl Stone Soup version 0.21-a0-522-ga8338f09a8 (webtiles) character file.

483 Iskender the Magician (level 7, 50/50 HPs)
             Began as a Gnoll Wanderer on Dec 6, 2017.
             Quit the game in the Ecumenical Temple.
             The game lasted 00:19:46 (2984 turns).

Iskender the Magician (Gnoll Wanderer)              Turns: 2984, Time: 00:19:47

Health: 50/50      AC:  8    Str: 14    XL:     7   Next: 12%
Magic:  27/27      EV: 11    Int: 15    God:
Gold:   219        SH:  0    Dex: 16    Spells: 9/21 levels left

rFire    . . .     SeeInvis .   a - +0 whip (elec)
rCold    . . .     Gourm    .   (no shield)
rNeg     . . .     Faith    .   m - +0 ring mail
rPois    .         Spirit   +   d - +0 helmet
rElec    .         Reflect  .   (no cloak)
rCorr    .         Harm     .   H - +1 pair of gloves
MR       .....                  (no boots)
Stlth    +.........             E - amulet of guardian spirit
HPRegen  0.16/turn              p - ring of magical power
MPRegen  0.20/turn              (no ring)

@: no status effects
A: distributed training, fangs 1, strong nose
a: no special abilities


You were in the Ecumenical Temple.
You were hungry.

You visited 2 branches of the dungeon, and saw 5 of its levels.

You collected 219 gold pieces.

Inventory:

Hand Weapons
 a - a +0 whip of electrocution (weapon)
 b - a +0 hunting sling
 w - a +0 spear
 D - a cursed -3 war axe
Missiles
 g - 19 bolts
 k - 111 stones (quivered)
 o - 61 arrows
 x - 17 poisoned needles
Armour
 d - a +0 helmet (worn)
 m - a +0 ring mail (worn)
 H - a +1 pair of gloves (worn)
Jewellery
 p - a ring of magical power (left hand)
 y - an uncursed amulet of faith
 E - an amulet of guardian spirit (around neck)
Scrolls
 h - 3 scrolls of amnesia
 i - 2 scrolls of identify
 j - 5 scrolls of remove curse
 l - 4 scrolls of teleportation
 q - a scroll of magic mapping
 u - 2 scrolls of immolation
 v - a scroll of fear
 A - a scroll of enchant armour
 C - 2 scrolls of enchant weapon
Potions
 s - 2 potions of ambrosia {unknown}
 t - a potion of berserk rage
 z - a potion of flight
 B - a potion of curing
 F - a potion of lignification {unknown}
 G - a potion of mutation {unknown}
 I - 2 potions of degeneration {unknown}
Books
 c - the Collected Works on the Escort

   Spells                             Type                      Level
   a - Summon Small Mammal            Summoning                    1
   b - Summon Guardian Golem          Hexes/Summoning              3
 e - the Disquisition on Confrontation

   Spells                             Type                      Level
   a - Flame Tongue                   Conjuration/Fire             1
   b - Dazzling Spray                 Conjuration/Hexes            3
 r - a book of Battle

   Spells                             Type                      Level
   a - Infusion                       Charms                       1
   b - Shroud of Golubria             Charms/Translocation         2
   c - Song of Slaying                Charms                       2
   d - Spectral Weapon                Hexes/Charms                 3
   e - Regeneration                   Charms/Necromancy            3
Comestibles
 f - 3 bread rations
 n - 3 royal jellies


   Skills:
 + Level 2.2 Fighting
 + Level 2.2 Short Blades
 + Level 2.2 Long Blades
 + Level 2.2 Axes
 + Level 2.2 Maces & Flails
 + Level 2.2 Polearms
 + Level 2.2 Staves
 + Level 2.2 Slings
 + Level 2.2 Bows
 + Level 2.2 Crossbows
 + Level 2.2 Throwing
 + Level 2.2 Armour
 + Level 2.2 Dodging
 + Level 2.2 Stealth
 + Level 5.1 Shields
 + Level 2.2 Unarmed Combat
 + Level 7.5 Spellcasting
 + Level 1.8 Conjurations
 + Level 1.8 Hexes
 + Level 5.7 Charms
 + Level 1.8 Summonings
 + Level 4.2 Necromancy
 + Level 1.8 Translocations
 + Level 1.8 Transmutations
 + Level 1.8 Fire Magic
 + Level 1.8 Ice Magic
 + Level 1.8 Air Magic
 + Level 1.8 Earth Magic
 + Level 1.8 Poison Magic
 + Level 2.5 Invocations
 + Level 2.2 Evocations


You had 9 spell levels left.
You knew the following spells:

 Your Spells              Type           Power        Failure   Level  Hunger
c - Regeneration          Chrm/Necr      ###.......   10%         3    ##.....
g - Shroud of Golubria    Chrm/Tloc      ###.......   8%          2    None
M - Spectral Weapon       Hex/Chrm       ###.....     16%         3    ##.....
U - Song of Slaying       Chrm           ###.....     3%          2    None
X - Summon Small Mammal   Summ           ##..         12%         1    None
Z - Infusion              Chrm           ###.         2%          1    None


Dungeon Overview and Level Annotations

Branches:
Dungeon (4/15)             Temple (1/1) D:4

Altars:
Ashenzari
Cheibriados
Dithmenos
Elyvilon
Hepliaklqana
Kikubaaqudgha
Qazlal
Sif Muna
Uskayaw
Xom
Yredelemnul
Zin
The Shining One


Innate Abilities, Weirdness & Mutations

Your experience applies equally to all skills.
You have very sharp teeth.
Your uncanny sense of smell can sniff out nearby items.


Message History

Moving in this stuff is going to be slow.
There is a glowing silver altar of Zin here.
You enter the shallow water.
Moving in this stuff is going to be slow.
You enter the shallow water.
Moving in this stuff is going to be slow.
There is a shimmering altar of Xom here.
You enter the shallow water.
Moving in this stuff is going to be slow.
There is an ancient bone altar of Kikubaaqudgha here.
You enter the shallow water.
Moving in this stuff is going to be slow.
You enter the shallow water.
Moving in this stuff is going to be slow.
There is a staircase back to the Dungeon here.
You enter the shallow water.
Moving in this stuff is going to be slow.
You are feeling hungry.
There is a snail-covered altar of Cheibriados here.
Are you sure you want to abandon this character and quit the game? (Confirm with "yes".)

≈≈≈≈≈#_.≈≈.≈_#≈≈≈≈≈≈≈≈≈
≈≈≈≈≈≈≈≈≈≈.≈≈≈.≈≈≈≈≈≈≈≈≈
≈≈≈≈≈≈≈≈.≈≈.....≈≈≈≈≈≈≈≈≈
≈≈≈≈≈≈≈≈≈≈≈...≈≈≈≈≈≈≈≈≈≈≈≈
≈≈≈≈≈≈≈≈#_≈...._.≈≈≈≈≈≈≈≈≈
≈≈≈≈≈≈≈≈≈..≈≈.≈≈≈≈≈≈≈≈≈≈≈≈
≈≈≈≈≈≈≈≈..≈.≈≈≈..≈≈≈≈≈≈≈≈≈
≈≈≈≈≈≈≈≈≈.≈≈≈....≈≈≈≈≈≈≈≈≈
≈≈≈≈≈≈≈≈≈@≈≈.≈≈_.≈≈≈≈≈≈≈≈≈
≈≈≈≈≈≈≈≈.≈≈≈≈≈≈.≈≈≈≈≈≈≈≈≈≈
≈≈≈≈≈≈≈≈≈..≈≈..8#≈≈≈≈≈≈≈≈≈
≈≈≈≈≈≈≈≈≈≈.≈.≈##≈≈≈≈≈≈≈≈≈≈
≈≈≈≈≈≈≈≈≈≈....≈≈≈≈≈≈≈≈≈≈≈≈
≈≈≈≈≈≈≈≈≈≈..<.≈≈≈≈≈≈≈≈≈≈≈≈
≈≈≈≈≈≈≈≈≈≈≈8...≈≈≈≈≈≈≈≈≈≈≈
≈≈≈≈≈≈≈≈≈≈.###≈≈≈≈≈≈≈≈≈≈≈
≈≈≈≈≈≈≈≈≈≈≈≈≈≈≈≈≈≈≈≈≈≈≈≈≈


There were no monsters in sight!

Vanquished Creatures
  Duvessa (D:4)
  A phantom (D:4)
  Dowan (D:4)
  A hound (D:4)
  An iguana (D:4)
  9 adders
  5 dart slugs
  2 leopard geckos (D:3)
  5 orcs
  6 bats
  2 giant cockroaches
  8 goblins
  12 hobgoblins
  13 jackals
  7 kobolds
  2 quokkas (D:2)
  2 frilled lizards
  5 rats
83 creatures vanquished.

Notes
Turn   | Place    | Note
-------+----------+-------------------------------------------
     0 | D:1      | Iskender the Gnoll Wanderer began the quest for the Orb.
     0 | D:1      | Iskender set off with: a book of Battle, the Disquisition on Confrontation, the Collected Works on the Escort, a +0 robe, a +0 dagger, a bread ration
     0 | D:1      | Reached XP level 1. HP: 13/13 MP: 8/8
     0 | D:1      | Identified the Disquisition on Confrontation
     0 | D:1      | Identified the Collected Works on the Escort
     9 | D:1      | Learned a level 1 spell: Infusion
   155 | D:1      | Reached XP level 2. HP: 14/19 MP: 7/10
   159 | D:1      | Learned a level 2 spell: Shroud of Golubria
   162 | D:1      | Learned a level 1 spell: Summon Small Mammal
   165 | D:1      | Learned a level 2 spell: Song of Slaying
   825 | D:2      | Reached XP level 3. HP: 25/25 MP: 8/11
   882 | D:2      | Learned a level 3 spell: Regeneration
   886 | D:2      | Learned a level 3 spell: Spectral Weapon
  1042 | D:2      | Reached skill level 1 in Invocations
  1095 | D:2      | Reached skill level 1 in Fighting
  1095 | D:2      | Reached skill level 1 in Short Blades
  1095 | D:2      | Reached skill level 1 in Long Blades
  1095 | D:2      | Reached skill level 1 in Axes
  1095 | D:2      | Reached skill level 1 in Maces & Flails
  1095 | D:2      | Reached skill level 1 in Polearms
  1095 | D:2      | Reached skill level 1 in Staves
  1095 | D:2      | Reached skill level 1 in Slings
  1095 | D:2      | Reached skill level 1 in Bows
  1095 | D:2      | Reached skill level 1 in Crossbows
  1095 | D:2      | Reached skill level 1 in Throwing
  1095 | D:2      | Reached skill level 1 in Armour
  1095 | D:2      | Reached skill level 1 in Dodging
  1095 | D:2      | Reached skill level 1 in Stealth
  1095 | D:2      | Reached skill level 1 in Unarmed Combat
  1095 | D:2      | Reached skill level 1 in Evocations
  1159 | D:2      | Reached XP level 4. HP: 32/32 MP: 10/13
  1541 | D:3      | Found a deep blue altar of Sif Muna.
  1663 | D:3      | Reached skill level 1 in Conjurations
  1663 | D:3      | Reached skill level 1 in Hexes
  1663 | D:3      | Reached skill level 1 in Summonings
  1663 | D:3      | Reached skill level 1 in Translocations
  1663 | D:3      | Reached skill level 1 in Transmutations
  1663 | D:3      | Reached skill level 1 in Fire Magic
  1663 | D:3      | Reached skill level 1 in Ice Magic
  1663 | D:3      | Reached skill level 1 in Air Magic
  1663 | D:3      | Reached skill level 1 in Earth Magic
  1663 | D:3      | Reached skill level 1 in Poison Magic
  1911 | D:3      | Reached XP level 5. HP: 33/37 MP: 14/14
  2114 | D:3      | Found a white marble altar of Elyvilon.
  2461 | D:4      | Noticed a phantom
  2490 | D:4      | Killed a phantom
  2490 | D:4      | Reached XP level 6. HP: 42/44 MP: 14/16
  2492 | D:4      | Reached skill level 5 in Shields
  2570 | D:4      | Noticed Duvessa
  2578 | D:4      | Noticed Dowan
  2584 | D:4      | Killed Duvessa
  2592 | D:4      | Killed Dowan
  2592 | D:4      | Reached XP level 7. HP: 49/50 MP: 18/18
  2868 | D:4      | Found a staircase to the Ecumenical Temple.
  2896 | Temple   | Entered the Ecumenical Temple
  2984 | Temple   | Quit the game

Vault maps used:
D:1:      minmay_arrival_semitransparent
D:3:      elyvilon_altar_5, lemuel_crystal_altar, first_bread
D:4:      minmay_temple_entry_nine_rooms, uniq_duvessa
Temple:   chequers_temple_sunken

Skill      XL: |  1  2  3  4  5  6 |
---------------+-------------------+-----
Invocations    | 1 2 |  2.5
Fighting       | 1 2 |  2.2
Short Blades   | 1 2 |  2.2
Long Blades    | 1 2 |  2.2
Axes           | 1 2 |  2.2
Maces & Flails | 1 2 |  2.2
Polearms       | 1 2 |  2.2
Staves         | 1 2 |  2.2
Slings         | 1 2 |  2.2
Bows           | 1 2 |  2.2
Crossbows      | 1 2 |  2.2
Throwing       | 1 2 |  2.2
Armour         | 1 2 |  2.2
Dodging        | 1 2 |  2.2
Stealth        | 1 2 |  2.2
Unarmed Combat | 1 2 |  2.2
Evocations     | 1 2 |  2.2
Conjurations   | 1 |  1.8
Hexes          | 1 |  1.8
Summonings     | 1 |  1.8
Translocations | 1 |  1.8
Transmutations | 1 |  1.8
Fire Magic     | 1 |  1.8
Ice Magic      | 1 |  1.8
Air Magic      | 1 |  1.8
Earth Magic    | 1 |  1.8
Poison Magic   | 1 |  1.8
Necromancy     | 4 |  4.2
Shields        | 5 |  5.1
Spellcasting   | |  7.5
Charms         | |  5.7

Action                   |  1- 3 |  4- 6 |  7- 9 || total
-------------------------+-------+-------+-------++-------
Melee: Dagger            |    55 |       |       ||    55
       Bite              |    13 |    16 |     2 ||    31
       Whip              |    63 |   161 |    15 ||   239
       Punch             |       |     1 |       ||     1
 Fire: Hunting sling     |       |     8 |       ||     8
 Cast: Infusion          |    14 |     6 |       ||    20
       Shroud of Golubri |    13 |    19 |     1 ||    33
       Song of Slaying   |     2 |     3 |     1 ||     6
       Spectral Weapon   |     1 |     4 |     1 ||     6
       Regeneration      |     1 |       |       ||     1
  Use: Scroll            |     2 |     9 |       ||    11
  Eat: Chunk             |     1 |     5 |     1 ||     7
Armor: Robe              |    15 |       |       ||    15
       Ring mail         |    40 |    65 |    12 ||   117
Dodge: Dodged            |    79 |    88 |     5 ||   172

Table legend:
 A = Spawn XP
 B = Non-spawn XP
 C = Spawn XP percentage of total XP
 D = Spawn monster count
 E = Non-spawn monster count
 F = Spawn count percentage of total count
 G = Total turns spent on level
                    A         B        C        D         E        F      G
               +---------+---------+-------+---------+---------+-------+---------
         Total |       0 |     690 |   0.0 |       0 |      83 |   0.0 |  2984
               +---------+---------+-------+---------+---------+-------+---------
           D:1 |       0 |      32 |   0.0 |       0 |      18 |   0.0 |   820
           D:2 |       0 |      77 |   0.0 |       0 |      23 |   0.0 |   535
           D:3 |       0 |      98 |   0.0 |       0 |      24 |   0.0 |   944
           D:4 |       0 |     483 |   0.0 |       0 |      18 |   0.0 |   597
               +---------+---------+-------+---------+---------+-------+---------
